 Dungeon Sprint DCSS version 0.14-a0-3367-g7c2a7eb (webtiles) character file.

801 Froboctopus the Covert (level 6, -3/52 HPs)
             Began as a Vampire Assassin on Mar 19, 2014.
             Slain by Sonja
             ... wielding a +0,+0 short sword of distortion
              (25 damage)
             ... in the Dungeon (Sprint I: "Red Sonja").
             The game lasted 00:02:48 (868 turns).

Froboctopus the Covert (Vampire Assassin)            Turns: 868, Time: 00:02:48

HP  -3/52        AC  3     Str 11      XL: 6   Next: 96%
MP   6/6         EV 16     Int 13      God:
Gold 297         SH  0     Dex 16      Spells:  0 memorised,  5 levels left

rFire  . . .     SeeInvis +     a - +2 dagger
rCold  . . .     Clarity  .     n - +0 robe
rNeg   + . .     Conserve .     (no shield)
rPois  .         rCorr    .     (no helmet)
rElec  .         rRot     .     d - +0 cloak
SustAb . .       Spirit   .     (no gloves)
rMut   .         Warding  .     (no boots)
Saprov . . .     NoTele   +     (no amulet)
MR     .....                    (no ring)
                                (no ring)

@: lethally poisoned, not resistant to hostile enchantments, extremely stealthy
A: bottle blood, fangs 3, see invisible, unbreathing
a: Bat Form, Bottle Blood


You were in the Dungeon.
You were not thirsty.

You visited 1 branch You collected 297 gold pieces.

Inventory:

Hand weapons
 a - a +2,+2 dagger (weapon)
 b - a +0 blowgun
Missiles
 e - 3 poisoned needles
Armour
 d - a +0 cloak (worn)
 n - a +0 robe (worn)
Scrolls
 m - a scroll of blinking
Potions
 g - a potion of blood
 h - a potion of curing
 i - a potion of heal wounds
 j - a potion of haste
 k - 2 potions of magic
 l - a potion of berserk rage


   Skills:
 + Level 5.7 Fighting
 * Level 9.7 Short Blades
 - Level 1.5 Throwing
 + Level 6.6 Dodging
 * Level 13.9 Stealth


You had 5 spell levels left.
You didn't know any spells.

Dungeon Overview and Level Annotations

Branches:
Dungeon (1/1)

Altars:
Cheibriados
Dithmenos
Makhleb
Okawaru
Trog
Xom
Zin
The Shining One

Shops:
D !

Annotations:
D Sonja


Innate Abilities, Weirdness & Mutations

You can bottle blood from corpses.
You have razor-sharp teeth.*
You have supernaturally acute eyesight.
You can survive without breathing.*


Message History

a - a +2,+2 dagger (weapon)
You feel sick.
You hit Sonja.
Sonja is lightly wounded.
You feel sick.
Sonja unwields an uncursed blowgun.
Sonja wields an uncursed short sword of distortion.
Its appearance distorts for a moment.
Sonja barely misses you. Sonja barely misses you.
Sonja hits you with an uncursed short sword of distortion.
You feel a strange sense of stasis.
You closely miss Sonja.
Sonja is lightly wounded.
You feel sick.
Unknown command.
You barely miss Sonja.
Sonja is lightly wounded.
You feel sick. Sonja closely misses you.
Sonja hits you with an uncursed short sword of distortion.
Space warps horribly around you!
You die...

#..'..#.)'..#..'..+
#..#####'#####'#__#
#..####..#(..#%####
#..#_.####..##(#
#..#.....##'#(.+
#⌠⌠#_.∩...'(.._#
####.....##_.#'#
#_._._###K#(#
#########@### +$.(+
#$.(# ##.## #+#


You could see Sonja.

Vanquished Creatures
  A slime creature (D)
  An elephant slug (D)
  An ogre (D)
  Sigmund (D)
  A jelly (D)
  Ijyb (D)
6 creatures vanquished.

Vanquished Creatures (others)
  A gargoyle (D)
1 creature vanquished.

Grand Total: 7 creatures vanquished

Notes
Turn   | Place    | Note
--------------------------------------------------------------
     0 | D        | Froboctopus, the Vampire Assassin, began the quest for the Orb.
     0 | D        | Reached XP level 1. HP: 16/16 MP: 1/1
     1 | D        | Noticed Ijyb
     7 | D        | Killed Ijyb
     7 | D        | Reached skill level 7 in Stealth
     7 | D        | Reached XP level 2. HP: 21/23 MP: 2/2
    40 | D        | Noticed an ogre
    43 | D        | Killed an ogre
    43 | D        | Reached skill level 5 in Short Blades
    43 | D        | Reached skill level 9 in Stealth
    43 | D        | Reached XP level 3. HP: 27/29 MP: 3/3
    43 | D        | Reached XP level 4. HP: 33/36 MP: 4/4
    77 | D        | Noticed Sigmund
    80 | D        | Killed Sigmund
    80 | D        | Reached skill level 11 in Stealth
    80 | D        | Reached XP level 5. HP: 40/42 MP: 5/5
   110 | D        | Found a snail-covered altar of Cheibriados.
   111 | D        | Noticed a jelly
   112 | D        | Found an iron altar of Okawaru.
   121 | D        | Killed a jelly
   121 | D        | Reached skill level 5 in Dodging
   239 | D        | Found Xecoefyd's Distillery.
   239 | D        | Found a burning altar of Makhleb.
   239 | D        | Found a shimmering altar of Xom.
   239 | D        | Found a shimmering altar of Xom.
   239 | D        | Noticed an elephant slug
   416 | D        | Found a glowing golden altar of the Shining One.
   562 | D        | Killed an elephant slug
   562 | D        | Reached skill level 5 in Fighting
   562 | D        | Reached skill level 12 in Stealth
   562 | D        | Reached XP level 6. HP: 25/51 MP: 6/6
   679 | D        | Found a bloodstained altar of Trog.
   719 | D        | Found a shadowy altar of Dithmenos.
   719 | D        | Found a snail-covered altar of Cheibriados.
   719 | D        | Found a burning altar of Makhleb.
   719 | D        | Found a glowing silver altar of Zin.
   719 | D        | Noticed a slime creature
   722 | D        | Killed a slime creature
   722 | D        | Reached skill level 13 in Stealth
   834 | D        | Killed a gargoyle
   845 | D        | Noticed Sonja
   868 | D        | Slain by Sonja

Action                   |  1- 3 |  4- 6 || total
-------------------------+-------+-------++-------
Melee: Dagger            |     5 |    28 ||    33
 Fire: Blowgun           |       |    11 ||    11
 Stab: Sleeping          |     2 |     2 ||     4
